 Dungeon Sprint DCSS version 0.22-a0 (webtiles) character file.

5384 schets the Fencer (level 10, -2/95 HPs)
             Began as a Barachi Fighter on Dec 31, 2017.
             Was a High Priest of Okawaru.
             Killed from afar by a lindwurm (26 damage)
             ... with a blast of flame
             ... in the Dungeon (Sprint IX: "|||||||||||||||||||||||||||||").
             The game lasted 00:02:48 (1901 turns).

schets the Fencer (Barachi Fighter)                 Turns: 1901, Time: 00:02:49

Health: -2/95      AC: 16    Str: 21    XL:     10   Next: 66%
Magic:  14/15      EV: 15    Int: 11    God:    Okawaru [*****.]
Gold:   30         SH: 14    Dex: 12    Spells: 9/9 levels left

rFire    . . .     SeeInvis .   p - +2 scimitar (holy)
rCold    . . .     Gourm    .   c - +0 shield
rNeg     . . .     Faith    .   q - +1 chain mail
rPois    .         Spirit   .   t - +0 helmet
rElec    .         Reflect  .   (no cloak)
rCorr    .         Harm     .   (no gloves)
MR       .....     NoTele   +   (no boots)
Stlth    ..........             (no amulet)
HPRegen  0.25/turn              r - +3 ring of strength
MPRegen  0.14/turn              s - +2 ring of evasion

@: heroism, slow
A: +LOS, swims, slowness 1, strong legs 1
a: Hop, Heroism, Finesse, Renounce Religion


You were in the Dungeon.
You worshipped Okawaru.
Okawaru was extremely pleased with you.
You were not hungry.

You visited 1 branch You collected 30 gold pieces.

Inventory:

Hand Weapons
 a - a +0 long sword
 p - a +2 scimitar of holy wrath (weapon)
Armour
 b - a +0 scale mail
 c - a +0 shield (worn)
 q - a +1 chain mail (worn)
 t - a +0 helmet (worn)
Jewellery
 r - a +3 ring of strength (left hand)
 s - a +2 ring of evasion (right hand)
Wands
 o - a wand of iceblast (10)
Scrolls
 k - 3 scrolls of blinking
 m - 4 scrolls of remove curse
 n - 2 scrolls of amnesia
 v - 4 scrolls of enchant armour
 w - 2 scrolls of enchant weapon
Potions
 d - a potion of might
 e - 7 potions of curing
 g - 5 potions of heal wounds
 h - a potion of haste
 i - 4 potions of magic
 j - a potion of berserk rage
 l - a potion of invisibility
 u - a potion of mutation
Comestibles
 f - a ration


   Skills:
 * Level 14.4(19.4) Fighting
 * Level 16.6(21.6) Long Blades
 + Level 11.8(16.8) Armour
 + Level 4.1(9.1) Dodging
 + Level 1.3(6.3) Stealth
 + Level 11.2(16.2) Shields
 + Level 6.8 Invocations


You had 9 spell levels left.
You didn't know any spells.

Dungeon Overview and Level Annotations

Branches:
Dungeon (1/1)

Altars:
Cheibriados
Dithmenos
Elyvilon
Fedhas
Gozag
Hepliaklqana
Kikubaaqudgha
Makhleb
Nemelex Xobeh
Okawaru
Qazlal
Ru
Sif Muna
Trog
Uskayaw
Vehumet
Wu Jian
Xom
Yredelemnul
Zin
The Shining One
Beogh
Jiyva
Lugonu


Innate Abilities, Weirdness & Mutations

Shadows flee at your approach. (+LOS)
You can swim through water.
You cover ground slowly.
You can hop short distances.


Message History

* * * LOW HITPOINT WARNING * * *
You hit the lindwurm.
The lindwurm is moderately wounded.
You completely miss the lindwurm.
The lindwurm is moderately wounded.
The lindwurm bites you.
* * * LOW HITPOINT WARNING * * *
The lindwurm claws you but does no damage.
You block the lindwurm's attack.
You slash the lindwurm!
The lindwurm is heavily wounded.
The lindwurm bites you but does no damage.
You block the lindwurm's attack. x2
You hit the lindwurm but do no damage.
The lindwurm is heavily wounded.
You barely miss the lindwurm.
The lindwurm is heavily wounded.
The lindwurm breathes flames at you. The blast of flame hits you!
You die...

▓_▓.▓.▓
▓_▓.▓.▓
▓_▓.▓.▓
▓_▓.▓.▓
▓_▓.▓.▓
▓_▓.▓.▓
▓'▓.▓'▓
▓.▓.▓[▓
▓.▓.▓@▓
▓|▓.▓k▓
▓)▓.▓.▓
▓.▓.▓.▓
▓[▓.▓.▓
▓.▓.▓.▓
▓.▓.▓.▓
▓.▓.▓[▓
▓'▓.▓)▓


You could see a lindwurm.

Vanquished Creatures
  A centaur warrior (D)
  A two-headed ogre (D)
  A fire crab (D)
  A lindwurm (D)
  A black mamba (D)
  2 komodo dragons (D)
  3 tyrant leeches (D)
  A hippogriff (D)
  A hungry ghost (D)
  A basilisk (D)
  2 water moccasins (D)
  2 porcupines (D)
  A black bear (D)
  5 crocodiles (D)
  3 bullfrogs (D)
  A scorpion (D)
  2 crimson imps (D)
  A jelly (D)
  2 worker ants (D)
  2 adder skeletons (D)
  4 worms (D)
  An orc (D)
  A bat zombie (D)
  A jackal (D)
  A bat (D)
  2 frilled lizards (D)
  A giant cockroach zombie (D)
  2 rats (D)
47 creatures vanquished.

Notes
Turn   | Place    | Note
-------+----------+-------------------------------------------
     0 | D        | schets the Barachi Fighter began the quest for the Orb.
     0 | D        | Reached XP level 1. HP: 18/18 MP: 1/1
   203 | D        | Noticed a worker ant
   205 | D        | Reached skill level 3 in Long Blades
   205 | D        | Reached XP level 2. HP: 26/26 MP: 2/2
   215 | D        | Reached skill level 5 in Fighting
   215 | D        | Reached XP level 3. HP: 28/34 MP: 3/3
   482 | D        | Found a roughly hewn altar of Beogh.
   482 | D        | Found a snail-covered altar of Cheibriados.
   482 | D        | Found a shadowy altar of Dithmenos.
   482 | D        | Found a white marble altar of Elyvilon.
   482 | D        | Found a blossoming altar of Fedhas.
   482 | D        | Found an opulent altar of Gozag.
   482 | D        | Found a hazy altar of Hepliaklqana.
   483 | D        | Found a viscous altar of Jiyva.
   484 | D        | Found an ancient bone altar of Kikubaaqudgha.
   485 | D        | Found a corrupted altar of Lugonu.
   486 | D        | Found a burning altar of Makhleb.
   487 | D        | Found a sparkling altar of Nemelex Xobeh.
   488 | D        | Found an iron altar of Okawaru.
   489 | D        | Found a stormy altar of Qazlal.
   490 | D        | Found a sacrificial altar of Ru.
   491 | D        | Found a deep blue altar of Sif Muna.
   492 | D        | Found a bloodstained altar of Trog.
   493 | D        | Found a hide-covered altar of Uskayaw.
   494 | D        | Found a radiant altar of Vehumet.
   495 | D        | Found an ornate altar of the Wu Jian Council.
   496 | D        | Found a shimmering altar of Xom.
   497 | D        | Found a basalt altar of Yredelemnul.
   498 | D        | Found a glowing silver altar of Zin.
   501 | D        | Became a worshipper of Warmaster Okawaru
   504 | D        | Found a glowing golden altar of the Shining One.
   558 | D        | Noticed a black bear
   558 | D        | Noticed a hungry ghost
   561 | D        | Reached skill level 4 in Long Blades
   561 | D        | Reached skill level 5 in Armour
   561 | D        | Reached skill level 5 in Shields
   561 | D        | Reached skill level 1 in Invocations
   561 | D        | Reached XP level 4. HP: 41/41 MP: 4/4
   565 | D        | Reached skill level 5 in Long Blades
   580 | D        | Killed a black bear
   580 | D        | Reached * piety under Okawaru
   580 | D        | Reached skill level 6 in Long Blades
   580 | D        | Reached skill level 1 in Dodging
   580 | D        | Reached XP level 5. HP: 29/49 MP: 5/7
   588 | D        | Killed a hungry ghost
   588 | D        | Reached skill level 8 in Long Blades
   588 | D        | Reached XP level 6. HP: 36/58 MP: 3/9
   712 | D        | Noticed a two-headed ogre
   712 | D        | Noticed a centaur warrior
   721 | D        | Killed a two-headed ogre
   721 | D        | Reached ** piety under Okawaru
   721 | D        | Reached *** piety under Okawaru
   721 | D        | Reached skill level 10 in Fighting
   721 | D        | Reached skill level 11 in Long Blades
   721 | D        | Reached skill level 1 in Stealth
   721 | D        | Reached skill level 5 in Invocations
   721 | D        | Reached XP level 7. HP: 10/67 MP: 7/11
   721 | D        | Reached XP level 8. HP: 12/74 MP: 7/12
   721 | D        | HP: 2/74 [centaur warrior/arrow (10)]
   728 | D        | Killed a centaur warrior
   728 | D        | Reached **** piety under Okawaru
   728 | D        | Received a gift from Okawaru
   728 | D        | Reached skill level 12 in Long Blades
   731 | D        | Reached skill level 13 in Long Blades
   731 | D        | Reached XP level 9. HP: 15/82 MP: 8/13
  1166 | D        | Noticed a komodo dragon
  1166 | D        | Noticed a komodo dragon
  1182 | D        | Killed a komodo dragon
  1182 | D        | Reached skill level 10 in Armour
  1183 | D        | Reached skill level 14 in Long Blades
  1199 | D        | Reached ***** piety under Okawaru
  1206 | D        | Killed a komodo dragon
  1223 | D        | Reached skill level 15 in Long Blades
  1550 | D        | Noticed a fire crab
  1550 | D        | Noticed a black mamba
  1573 | D        | Reached skill level 10 in Shields
  1581 | D        | Killed a fire crab
  1581 | D        | Reached XP level 10. HP: 85/92 MP: 8/14
  1586 | D        | Killed a black mamba
  1593 | D        | Reached skill level 16 in Long Blades
  1850 | D        | Noticed a lindwurm
  1861 | D        | Noticed a lindwurm
  1876 | D        | Killed a lindwurm
  1876 | D        | Received a gift from Okawaru
  1901 | D        | Killed from afar by a lindwurm

Vault maps used:
D:        linesprint

Skill      XL: |  1  2  3  4  5  6  7  8  9 10 |
---------------+-------------------------------+-----
Fighting       | 4 5 6 8 9 10 11 13 14 | 14.4
Armour         | 4 5 6 7 8 9 11 | 11.8
Long Blades    | 3 4 6 8 11 13 15 16 | 16.6
Shields        | 4 5 6 8 10 11 | 11.2
Invocations    | 1 3 4 5 6 |  6.8
Dodging        | 1 3 4 |  4.1
Stealth        | 1 |  1.3

Action                   |  1- 3 |  4- 6 |  7- 9 | 10-12 || total
-------------------------+-------+-------+-------+-------++-------
Melee: Long sword        |    21 |       |       |       ||    21
       Scimitar          |     2 |    33 |    88 |    59 ||   182
Invok: Heroism           |       |     2 |     3 |     2 ||     7
       Finesse           |       |       |     1 |       ||     1
  Use: Potion            |       |     1 |     1 |       ||     2
  Eat: Chunk             |       |       |     3 |     1 ||     4
Armor: Scale mail        |     6 |       |       |       ||     6
       Chain mail        |     1 |    25 |    12 |     7 ||    45
Dodge: Dodged            |     4 |    13 |    20 |    17 ||    54
Block: Shield            |     5 |    22 |    43 |    19 ||    89
       Rpst.: Scimitar   |       |     3 |     4 |     6 ||    13

Table legend:
 A = Spawn XP
 B = Non-spawn XP
 C = Spawn XP percentage of total XP
 D = Spawn monster count
 E = Non-spawn monster count
 F = Spawn count percentage of total count
 G = Total turns spent on level
                    A         B        C        D         E        F      G
               +---------+---------+-------+---------+---------+-------+---------
         Total |       0 |    7692 |   0.0 |       0 |      47 |   0.0 |  1901
               +---------+---------+-------+---------+---------+-------+---------
             D |       0 |    7692 |   0.0 |       0 |      47 |   0.0 |  1901
               +---------+---------+-------+---------+---------+-------+---------
